 Dungeon Crawl Stone Soup version 0.27-a0-1154-gfdeffcb720 (webtiles) character file.

Game seed: 2140051353963728661

128751 Strat the Brawler (level 16, -13/163 HPs)
             Began as a Troll Gladiator on May 14, 2021.
             Was a Follower of Uskayaw.
             Mangled by a salamander
             ... wielding a +4 glaive
              (15 damage)
             ... on level 2 of the Snake Pit.
             The game lasted 01:06:30 (25872 turns).

Strat the Brawler (Troll Gladiator)                Turns: 25872, Time: 01:06:31

Health: -13/163    AC: 14    Str: 32    XL:     16   Next: 49%
Magic:  14/23      EV: 10    Int:  3    God:    Uskayaw [*.....]
Gold:   2275       SH:  9    Dex: 10    Spells: 13/15 levels left

rFire    . . .     SeeInvis .     - Unarmed
rCold    . . .     Faith    .   q - +0 kite shield
rNeg     + + .     Spirit   .   z - +0 swamp dragon scales
rPois    +         Reflect  .   j - +2 hat
rElec    .         Harm     .   (no cloak)
rCorr    +         Rampage  .   (gloves unavailable)
Will     +....                  (boots unavailable)
Stlth    ..........             x - amulet of Departure {Acrobat rN++ rCorr Dex-5 Slay+5}
HPRegen  1.37/turn              J - ring "Luruobba" {rPois Str+6}
MPRegen  0.18/turn              K - ring "Kybbofai" {rPois Int-2 Slay+5}

@: no status effects
A: large, unfitting armour, claws 3, regeneration 1, shaggy fur 1, tough skin 1
a: Renounce Religion, Stomp


You were on level 2 of the Snake Pit.
You worshipped Uskayaw.
Uskayaw was aware of your devotion.
You visited 5 branches of the dungeon, and saw 26 of its levels.

You collected 2499 gold pieces.
You spent 224 gold pieces at shops.

Inventory:

Hand Weapons
 b - a +3 whip of electrocution
Missiles
 c - 5 throwing nets
 d - 626 stones
 e - 16 curare-tipped darts
 f - 8 datura-tipped darts
 C - 24 large rocks (quivered)
 F - 7 atropa-tipped darts
Armour
 j - a +2 hat (worn)
 q - a +0 kite shield (worn)
 z - +0 swamp dragon scales (worn)
Jewellery
 u - an amulet of magic regeneration
 x - the amulet of Departure (around neck) {Acrobat rN++ rCorr Dex-5 Slay+5}
   (You took it off a centaur warrior on level 13 of the Dungeon)

   [amulet of the acrobat]

   It increases your evasion while moving and waiting.
   It affects your dexterity (-5).
   It affects your accuracy and damage with ranged weapons and melee attacks
   (+5).
   It greatly protects you from negative energy.
   It protects you from acid and corrosion.
 G - a ring of see invisible
 J - the ring "Luruobba" (left claw) {rPois Str+6}
   (You found it on level 13 of the Dungeon)

   [ring of poison resistance]

   It affects your strength (+6).
   It protects you from poison.
 K - the ring "Kybbofai" (right claw) {rPois Int-2 Slay+5}
   (You found it on level 13 of the Dungeon)

   [ring of poison resistance]

   It affects your intelligence (-2).
   It affects your accuracy and damage with ranged weapons and melee attacks
   (+5).
   It protects you from poison.
Wands
 g - a wand of digging (14)
 i - a wand of flame (114)
 o - a wand of charming (5)
 r - a wand of iceblast (18)
 y - a wand of paralysis (9)
 A - a wand of acid (17)
Scrolls
 h - 6 scrolls of teleportation
 k - a scroll of amnesia
 m - 7 scrolls of enchant weapon
 p - a scroll of enchant armour
 E - a scroll of holy word
 L - 2 scrolls of magic mapping
 M - a scroll of fog
 N - 6 scrolls of identify
 R - 3 scrolls of blinking
Potions
 a - 4 potions of cancellation
 l - a potion of might
 n - 3 potions of berserk rage
 s - 5 potions of brilliance
 t - 2 potions of haste
 v - 6 potions of flight
 H - a potion of heal wounds {unknown}
 O - 2 potions of mutation
 S - 5 potions of ambrosia
Miscellaneous
 w - a phial of floods
 B - a box of beasts
 D - a piece from Xom's chessboard (15/15)


   Skills:
 - Level 11.6 Fighting
 - Level 1.7 Throwing
 - Level 10.0 Armour
 - Level 9.6 Dodging
 + Level 2.7 Shields
 - Level 17.1 Unarmed Combat
 - Level 11.7 Invocations


You had 13 spell levels left.
You knew the following spells:

 Your Spells              Type           Power      Damage    Failure   Level
a - Apportation           Tloc           0%         N/A       97%         1
b - Animate Skeleton      Necr           0%         N/A       97%         1

Your spell library contained the following spells:

 Spells                   Type           Power      Damage    Failure   Level
 Corona                   Hex            0%         N/A       97%         1
 Foxfire                  Conj/Fire      0%         2x1d4     97%         1
 Magic Dart               Conj           0%         1d3       97%         1
 Summon Small Mammal      Summ           0%         N/A       97%         1
 Blink                    Tloc           N/A        N/A       99%         2
 Call Imp                 Summ           0%         N/A       99%         2
 Slow                     Hex            0%         N/A       99%         2
 Call Canine Familiar     Summ           0%         N/A       100%        3
 Conjure Flame            Conj/Fire      0%         6-21      100%        3
 Inner Flame              Hex/Fire       0%         N/A       100%        3
 Mephitic Cloud           Conj/Pois/Air  0%         N/A       100%        3
 Portal Projectile        Hex/Tloc       0%         N/A       100%        3
 Animate Dead             Necr           0%         N/A       100%        4
 Cause Fear               Hex            0%         N/A       100%        4
 Leda's Liquefaction      Hex/Erth       0%         N/A       100%        4
 Borgnjor's Vile Clutch   Necr/Erth      0%         N/A       100%        5
 Silence                  Hex/Air        0%         N/A       100%        5
 Summon Forest            Summ/Tloc      0%         N/A       100%        5
 Summon Mana Viper        Hex/Summ       0%         N/A       100%        5
 Yara's Violent Unravell  Hex/Tmut       0%         3d3       100%        5
 Death Channel            Necr           0%         N/A       100%        6
 Shadow Creatures         Summ           N/A        N/A       100%        6
 Simulacrum               Ice/Necr       0%         N/A       100%        6
 Dragon Form              Tmut           0%         N/A       100%        7
 Summon Hydra             Summ           0%         N/A       100%        7
 Discord                  Hex            0%         N/A       100%        8
 Dragon's Call            Summ           0%         N/A       100%        9


Dungeon Overview and Level Annotations

Branches:
Dungeon (15/15)            Temple (1/1) D:6            Lair (6/6) D:9
 Shoals (0/4) Lair:3        Snake (2/4) Lair:2        Slime (0/5) Lair:6
    Orc (2/2) D:12            Elf (0/3) Orc:2        Vaults (0/5) D:14
 Depths (0/5) D:15

Altars:
Ashenzari
Cheibriados
Dithmenos
Elyvilon
Fedhas
Gozag
Hepliaklqana
Kikubaaqudgha
Makhleb
Nemelex Xobeh
Okawaru
Qazlal
Ru
Sif Muna
Trog
Uskayaw
Vehumet
Wu Jian
Xom
Zin
The Shining One
Jiyva

Shops:
D:4 *   D:9 (   D:11 !!   D:12 ?   D:13 :   Orc:2 ?:?[

Annotations:
D:7 Harold
D:8 4 runed translucent doors
D:12 3 runed translucent doors, leviel's ghost, journeyman MiFi
D:13 2 runed translucent doors, kd29's ghost, journeyman GnMo
D:15 exclusion: orange crystal statue


Innate Abilities, Weirdness & Mutations

You are too large for most types of armour.
You have claws for hands.
Your natural rate of healing is unusually fast.
You are covered in fur. (AC +1)
You have tough skin. (AC +1)


Message History

The salamander is severely wounded.
The salamander hits you with a +4 glaive!
You are engulfed in flames!
The mana viper closely misses you. You block the salamander's attack.
You barely miss the salamander.
The salamander is severely wounded.
The mana viper bites you!
* * * LOW HITPOINT WARNING * * *
You feel your power leaking away. The salamander barely misses you.
The salamander hits you from afar with a +0 glaive.
* * * LOW HITPOINT WARNING * * *
You are engulfed in flames!
* * * LOW HITPOINT WARNING * * *
The mana viper barely misses you.
You closely miss the salamander.
The salamander is severely wounded.
The salamander hits you with a +4 glaive!!
* * * LOW HITPOINT WARNING * * *
You are engulfed in flames!
* * * LOW HITPOINT WARNING * * *
The salamander hits you from afar with a +0 glaive.
* * * LOW HITPOINT WARNING * * *
You are engulfed in flames!
* * * LOW HITPOINT WARNING * * *
The mana viper bites you but does no damage.
Your shield prevents you from hitting the mana viper.
The mana viper bites you but does no damage.
The salamander hits you with a +4 glaive!
* * * LOW HITPOINT WARNING * * *
You are engulfed in flames!
* * * LOW HITPOINT WARNING * * *
The salamander hits you but does no damage.
You can no longer pass through a line of other dancers.
Okay, then.
You feel better. You block the mana viper's attack.
The salamander hits you with a +4 glaive!
* * * LOW HITPOINT WARNING * * *
You are engulfed in flames!
You die...

#........#
#........#
#.......#
#......# #.N...#
#####.##.##
#.N...##.#
#)N#####S#
#.@#####[##.#
#.S†N.......#
#####.[#####.#..#
#......# #.#.....
#.###.## #.. ...#
#.# #.# ###.##.#
###N###.# .# #..
#....##.# # ..
#.##.##.#


You could see 2 salamanders, a mana viper and a naga mage.

Vanquished Creatures
  Frances (D:13)
  Kirke (D:13)
  A storm dragon (D:13)
  A nagaraja (Snake:1)
  A minotaur (shapeshifter) (D:14)
  2 fire dragons
  Snorg (Lair:5)
  An ice dragon (D:15)
  3 catoblepae
  9 centaur warriors
  A naga warrior (Snake:1)
  11 hydras
  6 boulder beetles
  An anaconda (Snake:2)
  5 death yaks (Lair:3)
  8 two-headed ogres
  A merfolk avatar (Lair:6)
  A tengu warrior (D:13)
  Urug (Orc:2)
  An orc high priest (Orc:2)
  Sonja (Lair:2)
  6 skeletal warriors
  A salamander mystic (Snake:2)
  A sea snake (Lair:6)
  A death drake (shapeshifter) (D:14)
  4 orc knights
  A naga ritualist (Snake:2)
  A harpy (Lair:6)
  Pikel (D:5)
  2 deep elf pyromancers
  A wolf spider (D:13)
  8 manticores
  2 orc sorcerers
  2 mana vipers (Snake:1)
  15 ugly things
  5 cyclopes
  4 naga magi (Snake:1)
  A guardian serpent (Snake:1)
  11 elephants
  11 black mambas
  12 cane toads
  4 centaur skeletons (D:14)
  2 torpor snails
  3 gargoyles
  A torpor snail (shapeshifter) (D:14)
  Maggie (D:9)
  20 komodo dragons
  4 rime drakes
  4 yaktaurs (D:14)
  5 trolls
  A tengu conjurer (D:13)
  A meliai (D:13)
  7 polar bears
  A queen bee (Lair:2)
  A wind drake (Lair:6)
  2 hornets
  18 slime creatures
  9 dream sheep
  10 blink frogs
  A redback (D:13)
  A centaur simulacrum (D:13)
  2 shadows
  2 hogs (D:13)
  4 wraiths
  71 yaks
  9 wyverns
  2 steam dragons
  5 basilisks
  7 vampire mosquitoes
  3 wargs (Orc:2)
  10 nagas (Snake:1)
  An acid dragon (D:13)
  21 water moccasins
  37 orc warriors
  2 sky beasts (D:7)
  A meliai simulacrum (D:13)
  11 wolves
  7 black bears
  24 centaurs
  7 ogres
  A boggart (D:14)
  A lemure (D:5)
  2 phantoms
  5 kobold brigands
  7 bullfrogs
  3 scorpions
  2 gnoll sergeants
  A water moccasin skeleton (D:5)
  25 killer bees (Lair:2)
  9 wights (D:9)
  2 howler monkeys (D:8)
  4 electric eels
  5 jellies (Lair:6)
  5 centaur zombies
  18 orc priests
  2 iguanas
  Natasha (thrice) (D:4)
  10 orc wizards
  8 hell rats
  A killer bee zombie (D:8)
  A hound skeleton (D:4)
  A howler monkey zombie (D:8)
  12 gnolls
  A howler monkey skeleton (D:6)
  5 adders
  A shadow imp (D:7)
  2 white imps
  2 ufetubi (D:5)
  2 adder skeletons (D:4)
  A dart slug (D:1)
  104 orcs
  8 ball pythons
  3 bats
  8 endoplasms
  4 giant cockroaches
  4 goblins
  5 hobgoblins
  4 jackals (D:3)
  8 quokkas
  4 frilled lizards
  18 kobolds
  2 rats
  A plant (Lair:2)
785 creatures vanquished.

Vanquished Creatures (collateral kills)
  A centaur warrior (D:13)
  An orc knight (Orc:2)
  An orc warrior (Orc:2)
  3 centaurs (D:13)
  An orc wizard (Orc:2)
  2 orcs (Orc:2)
9 creatures vanquished.

Vanquished Creatures (others)
  A two-headed ogre (D:13)
  4 humans (D:13)
  2 orcs (Orc:2)
  34 fungi
  77 plants
118 creatures vanquished.

Grand Total: 912 creatures vanquished

Notes
Turn   | Place    | Note
-------+----------+-------------------------------------------
     0 | D:1      | Strat the Troll Gladiator began the quest for the Orb.
     0 | D:1      | Reached XP level 1. HP: 19/19 MP: 0/0
   262 | D:1      | Reached XP level 2. HP: 27/27 MP: 1/1
   491 | D:1      | Reached skill level 4 in Unarmed Combat
  1004 | D:2      | Reached XP level 3. HP: 22/33 MP: 2/2
  1274 | D:2      | Found a white marble altar of Elyvilon.
  1697 | D:3      | Reached XP level 4. HP: 40/41 MP: 3/3
  1730 | D:3      | Reached skill level 5 in Unarmed Combat
  2116 | D:4      | Found Duxzeonn's Assorted Antiques.
  2163 | D:4      | Noticed Natasha
  2294 | D:4      | Killed Natasha
  2305 | D:4      | Found an ancient bone altar of Kikubaaqudgha.
  2370 | D:4      | Noticed Natasha
  2386 | D:4      | Killed Natasha
  2387 | D:4      | Reached XP level 5. HP: 47/50 MP: 4/4
  2539 | D:4      | Noticed Natasha
  2544 | D:4      | Killed Natasha
  2594 | D:4      | Noticed an ogre
  2604 | D:5      | Entered Level 5 of the Dungeon
  2698 | D:5      | Noticed Pikel
  2699 | D:5      | Noticed a lemure
  2703 | D:5      | Noticed a lemure
  2705 | D:5      | Noticed a lemure
  2867 | D:4      | Found a stormy altar of Qazlal.
  2986 | D:4      | Killed an ogre
  2987 | D:4      | Reached skill level 6 in Unarmed Combat
  2987 | D:4      | Reached XP level 6. HP: 41/61 MP: 5/5
  3332 | D:5      | Found the +9 staff of Wucad Mu {*channel}
  3643 | D:5      | Killed Pikel
  3644 | D:5      | Reached skill level 8 in Unarmed Combat
  3644 | D:5      | Reached XP level 7. HP: 59/70 MP: 6/6
  4042 | D:6      | Reached XP level 8. HP: 73/78 MP: 7/7
  4067 | D:6      | Found a shimmering blue altar of Sif Muna.
  4146 | D:5      | Reached skill level 9 in Unarmed Combat
  4390 | D:6      | Found a staircase to the Ecumenical Temple.
  4561 | D:6      | Reached skill level 10 in Unarmed Combat
  4746 | D:6      | Found an ornate altar of the Wu Jian Council.
  4929 | Temple   | Entered the Ecumenical Temple
  5008 | Temple   | Became a worshipper of Uskayaw the Reveller
  5037 | D:7      | Reached * piety under Uskayaw
  5111 | D:7      | Reached ** piety under Uskayaw
  5114 | D:7      | Reached *** piety under Uskayaw
  5121 | D:7      | Reached **** piety under Uskayaw
  5168 | D:7      | Found a glowing silver altar of Zin.
  5211 | D:7      | Noticed Harold
  5319 | D:7      | Reached skill level 5 in Fighting
  5339 | D:7      | Reached XP level 9. HP: 83/88 MP: 8/8
  5770 | D:8      | Noticed a two-headed ogre
  5779 | D:8      | Killed a two-headed ogre
  5780 | D:8      | Reached skill level 5 in Dodging
  5793 | D:8      | Found a large runed translucent door.
  5793 | D:8      | Found a large runed translucent door.
  5794 | D:8      | Noticed a meliai
  5794 | D:8      | Identified the +8 halberd of Day {drain, *Noise +Rage
                  | Int+4}
  5794 | D:8      | Noticed a centaur warrior
  5976 | D:8      | Paralysed by a hornet for 1 turns
  6038 | D:8      | Found a white marble altar of Elyvilon.
  6199 | D:8      | Reached ***** piety under Uskayaw
  6203 | D:8      | Reached XP level 10. HP: 41/104 MP: 9/9
  6397 | D:8      | Found a large runed translucent door.
  6401 | D:8      | Found a large runed translucent door.
  6590 | D:8      | Noticed a two-headed ogre
  6604 | D:8      | Killed a two-headed ogre
  6608 | D:8      | Noticed a deep elf pyromancer
  6616 | D:8      | Killed a deep elf pyromancer
  6723 | D:8      | Identified the Handbook of Calling
  6842 | D:9      | Found a staircase to the Lair.
  6870 | D:9      | Found Jaxip's Antique Weapon Emporium.
  7139 | D:9      | Reached skill level 10 in Fighting
  7391 | D:9      | Noticed Maggie
  7441 | D:9      | Killed Maggie
  7628 | Lair:1   | Entered Level 1 of the Lair of Beasts
  7630 | Lair:1   | Noticed an eight-headed hydra
  7659 | D:10     | Entered Level 10 of the Dungeon
  7680 | D:10     | Noticed a two-headed ogre
  7693 | D:10     | Killed a two-headed ogre
  7694 | D:10     | Reached skill level 1 in Armour
  7694 | D:10     | Reached XP level 11. HP: 117/117 MP: 10/10
  7737 | D:10     | Reached skill level 11 in Unarmed Combat
  7983 | D:10     | Noticed a two-headed ogre
  7995 | D:10     | Killed a two-headed ogre
  8304 | D:10     | Identified the +3 leather armour of the Iron Devil {Harm
                  | rElec rPois Int-3}
  8737 | D:11     | Noticed an eight-headed hydra
  8737 | D:11     | Noticed a white ugly thing
  8817 | D:10     | Killed a white ugly thing
  8818 | D:10     | Reached skill level 12 in Unarmed Combat
  8988 | D:11     | Killed an eight-headed hydra
  9159 | D:11     | Found Qufah's Distillery.
  9198 | D:11     | Found Daid's Distillery.
  9367 | D:11     | Noticed a two-headed ogre
  9373 | D:11     | Killed a two-headed ogre
  9512 | D:11     | Learned a level 1 spell: Apportation
  9514 | D:11     | Learned a level 1 spell: Animate Skeleton
  9866 | D:12     | Reached XP level 12. HP: 121/126 MP: 11/11
  9990 | D:12     | Reached skill level 1 in Invocations
 10345 | D:12     | Found Xooputie's Magic Scroll Shoppe.
 10406 | D:12     | Found a staircase to the Orcish Mines.
 10529 | D:12     | Reached skill level 13 in Unarmed Combat
 10595 | D:12     | Found a runed translucent gate.
 10595 | D:12     | Found a runed translucent gate.
 10596 | D:12     | Found a runed translucent gate.
 10597 | D:12     | Noticed leviel's ghost (journeyman MiFi)
 10599 | D:12     | Found a viscous altar of Jiyva.
 10700 | D:12     | Noticed a boulder beetle
 10713 | D:12     | Killed a boulder beetle
 11173 | D:13     | Found Igam's Book Emporium.
 11251 | D:13     | Noticed a four-headed hydra
 11275 | D:13     | Killed a four-headed hydra
 11480 | D:13     | Noticed a centaur warrior
 11496 | D:13     | Killed a centaur warrior
 11590 | D:13     | Noticed a centaur warrior
 11599 | D:13     | Killed a centaur warrior
 11724 | D:13     | Noticed a two-headed ogre
 11729 | D:13     | Killed a two-headed ogre
 11835 | D:13     | Found a large runed translucent door.
 11835 | D:13     | Found a large runed translucent door.
 11839 | D:13     | Noticed kd29's ghost (journeyman GnMo)
 11923 | D:13     | Found a runed translucent door.
 11923 | D:13     | Noticed a centaur warrior
 11923 | D:13     | Noticed a centaur warrior
 11923 | D:13     | Noticed a centaur warrior
 11923 | D:13     | Noticed a fire dragon
 11923 | D:13     | Noticed a storm dragon
 11932 | D:13     | Noticed a storm dragon
 11932 | D:13     | Found a runed translucent door.
 11932 | D:13     | Noticed a catoblepas
 11932 | D:13     | Noticed a centaur warrior
 11941 | D:13     | Found a runed translucent door.
 11941 | D:13     | Noticed a tengu warrior
 11944 | D:13     | Noticed a two-headed ogre
 11944 | D:13     | Noticed a two-headed ogre
 11945 | D:13     | Noticed a catoblepas
 11953 | D:13     | Killed a two-headed ogre
 11954 | D:13     | Reached skill level 5 in Invocations
 11972 | D:13     | Killed a two-headed ogre
 11991 | D:13     | Killed a catoblepas
 12017 | D:13     | Noticed a boulder beetle
 12042 | D:13     | Killed a boulder beetle
 12043 | D:13     | Reached XP level 13. HP: 87/133 MP: 16/16
 12242 | D:13     | Identified the ring "Unnion" {Fire Str+2 Int+2 Dex+3 SInv}
 12242 | D:13     | Noticed Kirke
 12272 | D:13     | Killed Kirke
 12273 | D:13     | Reached skill level 14 in Unarmed Combat
 12308 | D:13     | Identified the amulet of Departure {Acrobat rN++ rCorr
                  | Dex-5 Slay+5}
 12470 | D:13     | Identified the ring "Luruobba" {rPois Str+6}
 12475 | D:13     | Identified the ring "Kybbofai" {rPois Int-2 Slay+5}
 12888 | D:14     | Reached skill level 5 in Armour
 13124 | D:13     | Noticed Frances
 13134 | D:13     | Killed Frances
 13268 | D:14     | Found a gate to the Vaults.
 13686 | D:14     | Found an ornate altar of the Wu Jian Council.
 14088 | Lair:1   | You fall into a shaft and drop 1 floor!
 14166 | Lair:2   | Found a staircase to the Snake Pit.
 14395 | Lair:2   | Reached XP level 14. HP: 124/143 MP: 19/19
 14456 | Lair:2   | You fall into a shaft and drop 2 floors!
 15359 | Lair:4   | Reached skill level 15 in Unarmed Combat
 15722 | Lair:3   | Found a blossoming altar of Fedhas.
 16005 | Lair:3   | Found a staircase to the Shoals.
 16540 | Lair:2   | Noticed Sonja
 16544 | Lair:2   | Killed Sonja
 16669 | Lair:2   | Reached ****** piety under Uskayaw
 17955 | Lair:5   | Noticed Snorg
 18370 | Lair:5   | Killed Snorg
 18371 | Lair:5   | Reached XP level 15. HP: 149/153 MP: 21/21
 18892 | Lair:6   | Entered Level 6 of the Lair of Beasts
 19431 | Lair:5   | Reached skill level 10 in Invocations
 19852 | Lair:6   | Identified the +0 kite shield of the Stag {rC- Regen+
                  | Dex+2}
 19889 | Lair:6   | Found a staircase to the Slime Pits.
 20105 | Lair:6   | Reached skill level 16 in Unarmed Combat
 21240 | Orc:1    | Entered Level 1 of the Orcish Mines
 21850 | Orc:2    | Entered Level 2 of the Orcish Mines
 21857 | Orc:2    | Found Nosk's Armour Boutique.
 21972 | Orc:2    | Noticed Urug
 21980 | Orc:2    | Killed Urug
 22818 | Orc:2    | Found a staircase to the Elven Halls.
 22880 | Orc:2    | Found Qulyden's Book Emporium.
 22880 | Orc:2    | Found Dupt's Armour Boutique.
 22882 | Orc:2    | Found Buhily's Magic Scroll Shop.
 22884 | Orc:2    | Found Piykoin Zodd's Magic Scroll Shoppe.
 22900 | Orc:2    | Bought a scroll of blinking for 112 gold pieces
 22905 | Orc:2    | Bought a scroll of blinking for 112 gold pieces
 23213 | D:14     | Found a stormy altar of Qazlal.
 23215 | D:14     | Found a white marble altar of Elyvilon.
 23215 | D:14     | Found a shimmering altar of Xom.
 23217 | D:14     | Found a radiant altar of Vehumet.
 23217 | D:14     | Found a snail-covered altar of Cheibriados.
 23217 | D:14     | Found a hazy altar of Hepliaklqana.
 23263 | D:15     | Entered Level 15 of the Dungeon
 23586 | D:15     | Reached XP level 16. HP: 152/163 MP: 23/23
 24080 | D:15     | Found a hazy altar of Hepliaklqana.
 24265 | D:15     | Found a staircase to the Depths.
 24406 | D:13     | Killed a storm dragon
 24426 | D:13     | Reached skill level 10 in Armour
 24567 | D:13     | Reached skill level 17 in Unarmed Combat
 24741 | Snake:1  | Entered Level 1 of the Snake Pit
 25275 | Snake:1  | Reached skill level 1 in Shields
 25871 | Snake:2  | HP: 6/163 [salamander/+4 glaive (14)]
 25872 | Snake:2  | HP: 2/163 [salamander/+4 glaive (14)]
 25872 | Snake:2  | Mangled by a salamander

Illustrated notes

Levels and vault maps discovered:
D:1:      scummos_arrival_checkerplants, layout_basic, minmay_misc_feat_rows,
          minmay_misc_feat_ornament, minmay_misc_feat_encased,
          hangedman_glass_teeth
D:2:      wad_lake_hut, layout_rooms, basic_altar
D:3:      layout_basic
D:4:      layout_loops_corners, marbit_many_paths, overflow_temple_1_default,
          serial_shops, shop, uniq_natasha
D:5:      lemuel_ice_spiral_2, layout_basic, uniq_pikel
D:6:      layout_cave_pools, led_sif_book, nicolae_overflow_crystal_walls,
          temple_statues, chequers_serial_rivers_room_a, minmay_misc_feat_plants
D:7:      layout_rooms, amcnicky_altar_gilded, kennysheep_little_box,
          nicolae_ossuary_entry_catacombs, serial_bayou_pond_e, uniq_harold
D:8:      layout_basic, elyvilon_altar_3, hangedman_decor_lopped,
          minmay_hollow_rounded_squares
D:9:      layout_basic, lair_entry_dummy, special_room [special_room_orc],
          serial_shops, shop_fountains, uniq_maggie
D:10:     layout_roguey, serial_bayou, serial_bayou_pond_b, serial_bayou_pond_c,
          serial_bayou_crossing, serial_bayou_ford_a, grunt_ogre_cave
D:11:     layout_grid_maze, serial_shops, shop, nicolae_shop_trees,
          lightli_fourway_metalbox
D:12:     layout_long_grid, hiddenorc2_lemuel, serial_shops, nicolae_shop_trees,
          gammafunk_ghost_ooze
D:13:     minmay_the_grid_triangle_9x9_line_8_mashed
          [minmay_the_grid_triangle_9x9_minimal,
          minmay_the_grid_triangle_9x9_longest,
          minmay_the_grid_triangle_9x9_fully_insulated_deathbox,
          minmay_the_grid_triangle_9x9_flanged_cone,
          minmay_the_grid_triangle_9x9_limited_checkers,
          minmay_the_grid_triangle_9x9_negative_grid,
          minmay_the_grid_triangle_9x9_impossible_snake,
          minmay_the_grid_triangle_9x9_prize_special], layout_long_grid,
          ebering_ghost_disaster_area, serial_shops, nicolae_shop_waterfront,
          uniq_kirke, uniq_frances
D:14:     layout_long_grid, hangedman_vaults_entry_quadrant_bands,
          doesnt_xom_only_xom, pdpol_wu_jian_five_deadly_venoms
D:15:     grunt_enter_depths_hoard, layout_basic, serial_park_avenue1,
          minivault_16, nicolae_hepliaklqana_hippocampus
Temple:   eino_wide_crystal_templ
Lair:1:   layout_chaotic_city, beast_lair_carwin_8
Lair:2:   layout_long_grid, minmay_snake_entry_six_corridors, special_room
          [special_room_bee], hibernation_bobbens, lemuel_fruit_tree, uniq_sonja
Lair:3:   layout_roguey, shoals_dummy_entry, basic_altar, grunt_megastairs_3
Lair:4:   layout_cave_pods, grunt_megastairs_2
Lair:5:   layout_gridlike, serial_bayou_shore_b, lemuel_fruit_fields, uniq_snorg
Lair:6:   gammafunk_lair_ancient_temple, layout_cave_pods,
          nicolae_slime_entry_slimehenge, serial_bayou_shore_a,
          grunt_megastairs_1
Snake:1:  layout_misc_corridors
Snake:2:  layout_gridlike, serial_shops, shop, beargit_elvish_explorers
Orc:1:    layout_caves
Orc:2:    st_orc_rangers, layout_caves, serial_shops, nicolae_shop_stone,
          uniq_urug

Skill      XL: |  1  2  3  4  5  6  7  8  9 10 11 12 13 14 15 16 |
---------------+-------------------------------------------------+-----
Unarmed Combat | 4 5 6 8 10 12 13 14 15 16 17 | 17.1
Fighting       | 2 3 4 5 8 10 11 | 11.6
Dodging        | 3 5 6 7 9 |  9.6
Armour         | 1 4 6 7 9 10 | 10.0
Invocations    | 5 8 9 11 | 11.7
Shields        | 2 |  2.7
Throwing       | |  1.7

Action                   |  1- 3 |  4- 6 |  7- 9 | 10-12 | 13-15 | 16-18 || total
-------------------------+-------+-------+-------+-------+-------+-------++-------
Melee: Unarmed           |   104 |   101 |   186 |   480 |   863 |   173 ||  1907
       Punch             |       |     5 |     8 |    48 |    86 |    13 ||   160
       Whip              |       |       |       |     5 |    26 |       ||    31
Throw: Dart              |       |       |     3 |       |       |       ||     3
       Throwing net      |       |       |     2 |     2 |       |       ||     4
       Large rock        |       |       |       |       |    26 |       ||    26
Evoke: Wand              |       |     1 |     2 |    16 |     1 |       ||    20
  Use: Scroll            |       |     6 |     9 |     9 |    10 |     1 ||    35
       Potion            |       |       |       |     6 |     8 |     3 ||    17
 Stab: Sleeping          |       |     1 |       |       |       |       ||     1
       Paralysed         |       |       |     5 |    22 |    76 |     5 ||   108
       Distracted        |       |       |     1 |       |       |       ||     1
       Held in net/web   |       |       |     1 |     1 |       |       ||     2
       Invisible         |       |       |       |       |     1 |       ||     1
Armor: Robe              |    26 |    20 |    29 |    13 |       |       ||    88
       Swamp dragon scal |       |       |       |   107 |   335 |    94 ||   536
Dodge: Dodged            |    45 |    47 |    76 |   205 |   671 |   120 ||  1164
Block: Kite shield       |       |       |       |       |       |    45 ||    45

Table legend: (Time is in decaauts)
 A = Elapsed time spent in this place.
 B = Non-inter-level travel time spent in this place.
 C = Inter-level travel time spent in this place.
 D = Time resting spent in this place.
 E = Time spent auto-exploring this place.
 F = Levels seen in this place.
 G = Mean time per level.
                   A        B        C        D        E       F      G
               +--------+--------+--------+--------+--------+-----+--------+
         Total |  25573 |  23801 |   1772 |   3029 |  14595 |  26 |  983.6 |
       Dungeon |  15714 |  14666 |   1048 |   1770 |   8943 |  15 | 1047.6 |
        Temple |     93 |     80 |     13 |      0 |      0 |   1 |   93.0 |
          Lair |   6966 |   6384 |    582 |    508 |   4461 |   6 | 1161.0 |
     Snake Pit |   1124 |   1120 |      4 |    436 |    392 |   2 |  562.0 |
  Orcish Mines |   1673 |   1550 |    123 |    315 |    799 |   2 |  836.5 |
               +--------+--------+--------+--------+--------+-----+--------+

Top non-repeatable levels by time:
    D:13: 1883 daAuts
  Lair:6: 1596 daAuts
    D:14: 1592 daAuts
  Lair:5: 1480 daAuts
    D:11: 1438 daAuts
    D:12: 1317 daAuts
  Lair:4: 1238 daAuts
     D:8: 1125 daAuts
     D:5: 1085 daAuts
  Lair:2: 1061 daAuts
 Snake:1: 1023 daAuts
     D:4: 982 daAuts
    D:10: 954 daAuts
    D:15: 946 daAuts
  Lair:1: 916 daAuts
